 Dungeon Crawl Stone Soup version 0.26-a0-708-g17f3b190f9 (webtiles) character file.

Game seed: 13513745959677714268

119 jasper the Magician (level 4, -3/33 HPs)
             Began as a Mummy Hedge Wizard on Oct 29, 2020.
             Killed from afar by Grinder (13 damage)
             ... with a puff of flame
             ... on level 3 of the Dungeon.
             The game lasted 00:09:01 (4666 turns).

jasper the Magician (Mummy Hedge Wizard)            Turns: 4666, Time: 00:09:02

Health: -3/33      AC:  8    Str: 14    XL:     4   Next: 73%
Magic:  10/10      EV: 11    Int: 13    God:
Gold:   77         SH:  0    Dex: 11    Spells: 10/11 levels left

rFire    x . .     SeeInvis .   l - -1 whip (curse)
rCold    + . .     Faith    .   (no shield)
rNeg     + + +     Spirit   .   p - +0 ring mail
rPois    ∞         Reflect  .   e - +0 helmet
rElec    .         Harm     .   m - +0 cloak
rCorr    .         Rampage  .   (no gloves)
MR       .....                  q - +0 pair of boots
Stlth    +.........             (no amulet)
HPRegen  0.11/turn              (no ring)
MPRegen  0.12/turn              (no ring)

@: no status effects
A: no potions, fire vulnerability, cold resistance 1, negative energy resistance
3, torment resistance, unbreathing
a: no special abilities


You were on level 3 of the Dungeon.
You visited 1 branch of the dungeon, and saw 3 of its levels.

You collected 77 gold pieces.

Inventory:

Hand Weapons
 a - a +0 dagger
 f - a +1 whip of electrocution
 g - a +0 hand axe
 l - a cursed -1 whip (weapon)
Missiles
 i - 171 stones (quivered)
 k - 39 bolts
Armour
 b - a +0 robe
 c - a +0 hat
 e - a +0 helmet (worn)
 m - a +0 cloak (worn)
 o - a +0 helmet
 p - a +0 ring mail (worn)
 q - a +0 pair of boots (worn)
Scrolls
 d - a scroll of amnesia
 h - a scroll of random uselessness
 j - 3 scrolls of teleportation
 n - a scroll of blinking {unknown}


   Skills:
 + Level 1.7 Fighting
 * Level 2.1 Axes
 + Level 1.3 Armour
 + Level 2.3 Dodging
 - Level 1.5 Stealth
 - Level 4.0 Spellcasting
 - Level 0.7 Conjurations
   Level 0.7 Summonings
   Level 0.7 Translocations


You had 10 spell levels left.
You knew the following spells:

 Your Spells              Type           Power        Failure   Level
a - Magic Dart            Conj           #...         32%         1

Your spell library contained the following spells:

 Spells                   Type           Power        Failure   Level
 Blink                    Tloc           N/A          43%         2
 Call Imp                 Summ           #.......     43%         2
 Slow                     Hex            #.......     54%         2
 Conjure Flame            Conj/Fire      #.......     73%         3
 Mephitic Cloud           Conj/Pois/Air  #.......     75%         3


Dungeon Overview and Level Annotations

Branches:
Dungeon (3/15)

Altars:
The Shining One

Annotations:
D:3 Grinder


Innate Abilities, Weirdness & Mutations

You do not drink.
Your flesh is vulnerable to fire.
You are immune to poison.
Your flesh is cold resistant. (rC+)
You are immune to negative energy. (rN+++)
You are immune to unholy pain and torment.
You can survive without breathing.


Message History

You are too injured to fight recklessly!
You barely miss Grinder. Grinder hits you.
You take 3 damage, and have 19/33 hp.
You closely miss Grinder. Grinder hits you.
You take 2 damage, and have 17/33 hp.
You closely miss Grinder. Grinder gestures at you.
You suddenly lose the ability to move!
Grinder hits you. Grinder hits you but does no damage. Grinder hits you.
Grinder blinks!
You can move again.
You take 7 damage, and have 10/33 hp.
MASSIVE DAMAGE!!
Unknown command.
Unknown command.
Unknown command.
Unknown command.
Grinder zaps a wand.
The puff of flame hits you! The fire burns you terribly!
You die...

##....###.........## ##....##
##.......## #>...## ##.....##
#..##########....# #### ...#
#.....<..#### ##.... .#.#
#........# #### ##..!.. #..#
#........#######..# #...... ..##
#.................# #......
.#####........##@.####### #......
..[.<.........5......).†###(.....
..####........#########..........
..# #....>...# ######..... ###
#........# ...... # #....<...#
#...$.. # #.##.##### #...... #
#...... # #......


You could see Grinder.

Vanquished Creatures
  Robin (D:2)
  3 adders
  An ooze (D:2)
  2 dart slugs
  A leopard gecko (D:2)
  An orc (D:3)
  2 ball pythons (D:3)
  2 giant cockroaches (D:2)
  11 hobgoblins
  13 kobolds
  5 bats
  11 frilled lizards
  13 goblins
  A jackal zombie (D:2)
  6 rats
73 creatures vanquished.

Notes
Turn   | Place    | Note
-------+----------+-------------------------------------------
     0 | D:1      | jasper the Mummy Hedge Wizard began the quest for the Orb.
     0 | D:1      | Reached XP level 1. HP: 13/13 MP: 5/5
   406 | D:1      | Reached XP level 2. HP: 17/20 MP: 4/7
  1043 | D:2      | Reached skill level 1 in Axes
  1513 | D:2      | Reached skill level 1 in Fighting
  1520 | D:2      | Reached XP level 3. HP: 25/26 MP: 4/8
  2094 | D:2      | Reached skill level 1 in Armour
  3055 | D:2      | Reached XP level 4. HP: 30/32 MP: 1/10
  3504 | D:2      | Found a glowing golden altar of the Shining One.
  3527 | D:2      | Noticed Robin
  4277 | D:2      | Killed Robin
  4625 | D:3      | Noticed Grinder
  4659 | D:3      | Paralysed by Grinder for 5 turns
  4666 | D:3      | Killed from afar by Grinder

Illustrated notes

Levels and vault maps discovered:
D:1:      doesnt_arrival_eight_statues, layout_rooms
D:2:      kennysheep_six_static_rooms, layout_loops_ring, lemuel_round_altar,
          nrook_loot_triangle, minmay_quadrilaterals, uniq_robin
D:3:      layout_rooms, portal_sewer_entry_e, uniq_grinder

Skill      XL: |  1  2  3  4 |
---------------+-------------+-----
Axes           | 1 2 |  2.1
Fighting       | 1 |  1.7
Dodging        | 2 |  2.3
Armour         | 1 |  1.3
Stealth        | |  1.5
Spellcasting   | |  4.0
Conjurations   | |  0.7
Summonings     | |  0.7
Translocations | |  0.7

Action                   |  1- 3 |  4- 6 || total
-------------------------+-------+-------++-------
Melee: Hand axe          |    21 |       ||    21
       Dagger            |     1 |       ||     1
       Whip              |    82 |   152 ||   234
Throw: Stone             |     1 |     7 ||     8
 Cast: Magic Dart        |   104 |    26 ||   130
  Use: Scroll            |     3 |       ||     3
 Stab: Sleeping          |       |     1 ||     1
Armor: Robe              |    33 |    18 ||    51
       Ring mail         |       |    33 ||    33
Dodge: Dodged            |    91 |    92 ||   183

Table legend: (Time is in decaauts)
 A = Elapsed time spent in this place.
 B = Non-inter-level travel time spent in this place.
 C = Inter-level travel time spent in this place.
 D = Time resting spent in this place.
 E = Time spent auto-exploring this place.
 F = Levels seen in this place.
 G = Mean time per level.
                   A        B        C        D        E       F      G
               +--------+--------+--------+--------+--------+-----+--------+
         Total |   4684 |   4628 |     56 |   1574 |   1846 |   3 | 1561.3 |
       Dungeon |   4684 |   4628 |     56 |   1574 |   1846 |   3 | 1561.3 |
               +--------+--------+--------+--------+--------+-----+--------+

Top non-repeatable levels by time:
     D:2: 2961 daAuts
     D:1: 1384 daAuts
     D:3: 339 daAuts
